 Dungeon Sprint DCSS version 0.31-a0-841-g038b102fc3 (webtiles) character file.

Game seed: 308836876661763888

599 sircluck the Grappler (level 7, -11/120 HPs)
             Began as a Troll Berserker on Sept 27, 2023.
             Was a Believer of Trog.
             Killed by vampiric draining
             ... invoked by a vampire mage
              (20 damage)
             ... in the Dungeon (Sprint VII: "The Pits").
             The game lasted 00:00:42 (252 turns).

sircluck the Grappler (Troll Berserker)              Turns: 252, Time: 00:00:43

Health: -11/120    AC:  4    Str: 28    XL:     7   Next: 17%
Magic:  6/6        EV: 11    Int:  3    God:    Trog [**....]
Gold:   0          SH:  0    Dex:  9    Spells: 6/6 levels left

rFire   . .          .
                       - Unarmed
rCold   . . .        (no shield)
rNeg    . . .        a - +0 animal skin
rPois   .            (helmet restricted)
rElec   .            (no cloak)
rCorr   .            (gloves unavailable)
SInv    .            (boots unavailable)
Will    .....        (no amulet) Stlth
                     (no ring)
HPRegen 1.20/turn    (no ring)
MPRegen 0.10/turn

%: no teleportation
@: berserking (expiring), slowed
A: large, unfitting armour, claws 3, regeneration 1, shaggy fur 1, tough skin 1
a: Renounce Religion, Berserk, Trog's Hand


You were in the Dungeon.
You worshipped Trog.
Trog was pleased with you.
You visited 1 branch

Inventory:

Armour
 a - a +0 animal skin (worn)
Scrolls
 g - a scroll of blinking
Potions
 c - a potion of heal wounds
 d - a potion of haste
 e - 2 potions of magic
 f - a potion of berserk rage


   Skills:
 + Level 8.0 Fighting
 + Level 7.9 Dodging
 + Level 9.5 Unarmed Combat


You had 6 spell levels left.
You didn't know any spells.
Your spell library was empty.

Dungeon Overview and Level Annotations

Branches:
Dungeon (1/1)

Altars:


Innate Abilities, Weirdness & Mutations

You are too large for most types of armour.
You have claws for hands.
Your natural rate of healing is unusually fast.
You are covered in fur. (AC +1)
You have tough skin. (AC +1)


Message History

The vampire mage draws strength from your injuries!
You are engulfed in noxious fumes.
You choke on the stench!
You are more confused.
The hornet is engulfed in noxious fumes.
The hornet completely misses something.
The vampire hits you but does no damage.
The vampire closely misses you.
The hornet is engulfed in noxious fumes.
The hornet appears confused.
The hornet stings something!
You claw the vampire!
The vampire is lightly damaged.
The hornet stings the swamp drake!
You claw the vampire mage!
The vampire mage is heavily damaged.
The vampire mage draws life force from you!
The vampire mage is healed by the life force!
The hornet barely misses something.
You barely miss the vampire mage.
The vampire mage is moderately damaged.
You feel less confused. Something hits you!!
* * * LOW HITPOINT WARNING * * *
Something drains your vigour!
You feel as though you will be slow longer.
The vampire hits you.
* * * LOW HITPOINT WARNING * * *
The vampire bites you!
* * * LOW HITPOINT WARNING * * *
The vampire draws strength from your injuries!
The vampire mage hits you but does no damage.
The vampire mage barely misses you.
The hornet stings something!
You closely miss the vampire mage. You claw the vampire mage!!
The vampire mage is severely damaged.
The hornet barely misses something.
Something hits you but does no damage.
The vampire hits you but does no damage.
The vampire bites you!
* * * LOW HITPOINT WARNING * * *
The vampire draws strength from your injuries!
The vampire mage draws life force from you!!
You die...

y.# ########## ..#
.....##..# ..#
.....##..# ..#
.....''..# ..#
.....'†.)##########..#
.....##.........@.k..#
.....##.........VVy..#
######################
##### ....# ....#
...## ''## ...##


You could see a vampire mage, a hornet (confused), a vampire (summoned) and a
swamp drake.

Vanquished Creatures
  An efreet (D)
  A fire bat (D)
  A fire elemental (D)
  A centaur (D)
  A bat (D)
5 creatures vanquished.

Notes
Turn   | Place    | Note
-------+----------+-------------------------------------------
     0 | D        | sircluck the Troll Berserker began the quest for the Orb.
     0 | D        | Reached XP level 1. HP: 22/22 MP: 0/0
    25 | D        | Noticed a fire bat
    25 | D        | Noticed an efreet
    27 | D        | Killed a fire bat
    27 | D        | Noticed a fire elemental
    28 | D        | Reached skill level 5 in Fighting
    28 | D        | Reached skill level 5 in Dodging
    28 | D        | Reached skill level 6 in Unarmed Combat
    28 | D        | Reached XP level 2. HP: 35/35 MP: 1/1
    28 | D        | Reached XP level 3. HP: 42/42 MP: 2/2
    28 | D        | Reached XP level 4. HP: 50/50 MP: 3/3
    33 | D        | Killed a fire elemental
    34 | D        | Reached skill level 7 in Unarmed Combat
    34 | D        | Reached XP level 5. HP: 61/61 MP: 4/4
    38 | D        | Killed an efreet
    38 | D        | Reached ** piety under Trog
    39 | D        | Reached skill level 9 in Unarmed Combat
    39 | D        | Reached XP level 6. HP: 72/72 MP: 5/5
    39 | D        | Reached XP level 7. HP: 79/79 MP: 6/6
   235 | D        | Noticed a vampire mage
   235 | D        | Noticed a hornet
   239 | D        | Noticed a vampire
   252 | D        | Killed from afar by a vampire mage

Illustrated notes

Levels and vault maps discovered:
D:        pitsprint [storerooms_1, entrance_room_1, metal_vault_2, armoury_1,
          mini_pit_1, grid_room_1, main_hall_1, silver_pit, the_coven_3,
          the_vestibule_1, steel_vault_1, golden_pit, hallway_of_sentries,
          crystal_vault_2, iron_vault_5, final_vault]

Skill      XL: |  1  2  3  4  5  6  7 |
---------------+----------------------+-----
Fighting       | 5 6 7 8 |  8.0
Dodging        | 5 6 7 |  7.9
Unarmed Combat | 6 7 9 |  9.5

Action                     |  1- 3 |  4- 6 |  7- 9 || total
---------------------------+-------+-------+-------++-------
  Melee: Unarmed           |     1 |     9 |    14 ||    24
         Punch             |       |       |     2 ||     2
 Invoke: Berserk           |     1 |       |     1 ||     2
    Use: Potion            |       |       |     1 ||     1
 Armour: Animal skin       |     1 |     1 |    21 ||    23
  Dodge: Dodged            |     1 |     5 |    21 ||    27

Table legend: (Time is in decaauts)
 A = Elapsed time spent in this place.
 B = Non-inter-level travel time spent in this place.
 C = Inter-level travel time spent in this place.
 D = Time resting spent in this place.
 E = Time spent auto-exploring this place.
 F = Levels seen in this place.
 G = Mean time per level.
                   A        B        C        D        E       F      G
               +--------+--------+--------+--------+--------+-----+--------+
         Total |    257 |    257 |      0 |    149 |      0 |   1 |  257.0 |
       Dungeon |    257 |    257 |      0 |    149 |      0 |   1 |  257.0 |
               +--------+--------+--------+--------+--------+-----+--------+

Top non-repeatable levels by time:
       D: 257 daAuts
